 Dungeon Sprint DCSS version 0.27-a0-686-gaed091b46b (webtiles) character file.

Game seed: 10585102001597786017

1557 mhtbhm the Cleaver (level 8, -9/121 HPs)
             Began as a Minotaur Fighter on Mar 20, 2021.
             Was a High Priest of Trog.
             Killed by divine providence
             ... invoked by an orc high priest
              (10 damage)
             ... in the Dungeon (Sprint VII: "The Pits").
             The game lasted 00:01:18 (637 turns).

mhtbhm the Cleaver (Minotaur Fighter)                Turns: 637, Time: 00:01:19

Health: -9/121     AC: 15    Str: 24    XL:     8   Next: 58%
Magic:  7/7        EV:  9    Int:  5    God:    Trog [*****.]
Gold:   0          SH: 12    Dex:  9    Spells: 7/7 levels left

rFire    . . .     SeeInvis .   a - +2 hand axe
rCold    . . .     Faith    .   c - +0 kite shield
rNeg     . . .     Spirit   .   b - +3 chain mail
rPois    .         Reflect  .   (helmet restricted)
rElec    .         Harm     .   (no cloak)
rCorr    .         Rampage  .   (no gloves)
Will     .....     NoTele   +   (no boots)
Stlth    ..........             (no amulet)
HPRegen  0.30/turn              (no ring)
MPRegen  0.10/turn              (no ring)

@: mighty, berserking, very quick
A: horns 2, retaliatory headbutt
a: Renounce Religion, Berserk, Trog's Hand, Brothers in Arms


You were in the Dungeon.
You worshipped Trog.
Trog was extremely pleased with you.
You visited 1 branch

Inventory:

Hand Weapons
 a - a +2 hand axe (weapon)
Armour
 b - a +3 chain mail (worn)
 c - a +0 kite shield (worn)
Scrolls
 j - a scroll of blinking
 l - a scroll of summoning
Potions
 e - 6 potions of curing
 f - 3 potions of heal wounds
 g - a potion of haste
 h - 4 potions of magic
 i - 3 potions of berserk rage
 k - 2 potions of invisibility


   Skills:
 + Level 10.8 Fighting
 + Level 13.1 Axes
 + Level 11.1 Armour
 + Level 4.3 Dodging
 + Level 11.1 Shields


You had 7 spell levels left.
You didn't know any spells.
Your spell library was empty.

Dungeon Overview and Level Annotations

Branches:
Dungeon (1/1)

Altars:
Cheibriados
Dithmenos
Elyvilon
Fedhas
Gozag
Hepliaklqana
Makhleb
Nemelex Xobeh
Okawaru
Qazlal
Ru
Sif Muna
Trog
Vehumet
Wu Jian
Xom
Yredelemnul
Zin
The Shining One
Beogh
Jiyva
Lugonu


Innate Abilities, Weirdness & Mutations

You have a pair of horns on your head.
You reflexively headbutt those who attack you in melee.


Message History

You barely miss the orc sorcerer.
The orc sorcerer is heavily wounded.
You hit the orc warrior.
You kill the orc warrior!
Trog accepts your kill.
You closely miss the orc high priest.
The red devil hits you from afar with a +0 trident.
* * * LOW HITPOINT WARNING * * *
The iron imp disappears for a moment.
You closely miss the orc sorcerer. Your headbutt misses the orc sorcerer.
The orc sorcerer is heavily wounded.
You hit the orc high priest. You block the orange demon's attack.
The orc sorcerer mumbles some strange words.
You block the orc high priest's attack.
Unknown command.
You slash the orc sorcerer! You headbutt the orc sorcerer.
The orc sorcerer is almost dead.
You closely miss the orc high priest. You hit the neqoxec.
The red devil hits you but does no damage.
Unknown command.
You slash the orc sorcerer!
You feel the power of Trog in you as your rage grows.
You kill the orc sorcerer!
Trog accepts your kill.
Trog appreciates your killing of a magic user.
Something appears at your feet!
You see here a +3 short sword of flaming.
Trog grants you a weapon!
The neqoxec disappears in a puff of smoke!
The orange demon disappears in a puff of smoke!
You hit the orc high priest.
The orc high priest hits you with a +0 war axe.
* * * LOW HITPOINT WARNING * * *
Your Axes skill increases to level 13!
Your Armour skill increases to level 11!
Your Dodging skill increases to level 4!
Your Shields skill increases to level 11!
The orc high priest invokes the aid of Beogh against you.
Beogh smites you!
You die...

#.#..†.....##.......#
#.#........##.......#
#)###########.......#
#.......#..##########
#..###..#†######
#.......#)#3...#
##.###.##§#oo..#
#.......#)oKo5.+
#..###..#@#4o..#
#.......÷.# 5..#
########### ###


You could see an orc high priest, a kobold demonologist, a neqoxec (summoned),
an iron imp (summoned) and 3 orcs.

Vanquished Creatures
  An orc sorcerer (D)
  A gargoyle (D)
  Sigmund (D)
  A warg (D)
  A water moccasin (D)
  A floating eye (D)
  3 orc warriors (D)
  A bullfrog (D)
  An iguana (D)
  A gnoll (D)
  An adder (D)
  An ufetubus (D)
  2 oozes (D)
  An adder zombie (D)
  2 leopard geckos (D)
  2 hobgoblins (D)
  A kobold (D)
  A ball python (D)
  A bat (D)
  A frilled lizard (D)
  A rat (D)
26 creatures vanquished.

Notes
Turn   | Place    | Note
-------+----------+-------------------------------------------
     0 | D        | mhtbhm the Minotaur Fighter began the quest for the Orb.
     0 | D        | Reached XP level 1. HP: 19/19 MP: 0/0
   105 | D        | Found a bloodstained altar of Trog.
   105 | D        | Found a shimmering blue altar of Sif Muna.
   105 | D        | Found a viscous altar of Jiyva.
   105 | D        | Found a hazy altar of Hepliaklqana.
   105 | D        | Found an opulent altar of Gozag.
   106 | D        | Found a glowing golden altar of the Shining One.
   106 | D        | Found a glowing silver altar of Zin.
   106 | D        | Found a basalt altar of Yredelemnul.
   106 | D        | Found a shimmering altar of Xom.
   106 | D        | Found an ornate altar of the Wu Jian Council.
   106 | D        | Found a sacrificial altar of Ru.
   106 | D        | Found a stormy altar of Qazlal.
   106 | D        | Found an iron altar of Okawaru.
   106 | D        | Found a sparkling altar of Nemelex Xobeh.
   106 | D        | Found a burning altar of Makhleb.
   106 | D        | Found a blossoming altar of Fedhas.
   106 | D        | Found a white marble altar of Elyvilon.
   106 | D        | Found a shadowy altar of Dithmenos.
   106 | D        | Found a snail-covered altar of Cheibriados.
   108 | D        | Found a radiant altar of Vehumet.
   108 | D        | Found a corrupted altar of Lugonu.
   110 | D        | Became a worshipper of Trog the Wrathful
   190 | D        | Reached * piety under Trog
   194 | D        | Reached skill level 3 in Axes
   194 | D        | Reached XP level 2. HP: 27/28 MP: 1/1
   198 | D        | Reached skill level 5 in Armour
   250 | D        | Reached ** piety under Trog
   317 | D        | Noticed a bullfrog
   319 | D        | Reached *** piety under Trog
   324 | D        | Reached skill level 5 in Fighting
   324 | D        | Reached skill level 4 in Axes
   324 | D        | Reached skill level 5 in Shields
   324 | D        | Reached XP level 3. HP: 28/36 MP: 2/2
   328 | D        | Killed a bullfrog
   329 | D        | Reached skill level 5 in Axes
   329 | D        | Reached XP level 4. HP: 36/44 MP: 3/3
   336 | D        | Reached **** piety under Trog
   341 | D        | Reached skill level 1 in Dodging
   385 | D        | Noticed a water moccasin
   393 | D        | Killed a water moccasin
   394 | D        | Reached skill level 7 in Axes
   394 | D        | Reached XP level 5. HP: 53/53 MP: 4/4
   396 | D        | Noticed a gargoyle
   401 | D        | Killed a gargoyle
   402 | D        | Reached skill level 10 in Axes
   402 | D        | Reached XP level 6. HP: 31/63 MP: 5/5
   560 | D        | Noticed a warg
   560 | D        | Noticed a floating eye
   560 | D        | Noticed Sigmund
   567 | D        | Killed Sigmund
   567 | D        | Reached ***** piety under Trog
   568 | D        | Reached XP level 7. HP: 71/71 MP: 6/6
   569 | D        | Reached skill level 11 in Axes
   572 | D        | Reached skill level 10 in Fighting
   572 | D        | Reached skill level 10 in Armour
   578 | D        | Reached skill level 10 in Shields
   604 | D        | Noticed an orc high priest
   604 | D        | Noticed an orc sorcerer
   604 | D        | Noticed a kobold demonologist
   608 | D        | Noticed a red devil
   608 | D        | Noticed a neqoxec
   611 | D        | Noticed an ice devil
   611 | D        | Noticed a red devil
   613 | D        | Noticed an orange demon
   624 | D        | HP: 2/73 [orc warrior/+0 war axe[an orc high priest] (18)]
   629 | D        | Reached skill level 12 in Axes
   629 | D        | Reached XP level 8. HP: 22/80 MP: 7/7
   633 | D        | HP: 6/120 [red devil/+0 trident[an orc high priest] (4)]
   636 | D        | Killed an orc sorcerer
   636 | D        | Received a gift from Trog
   636 | D        | HP: 1/120 [orc high priest/+0 war axe (6)]
   637 | D        | Reached skill level 13 in Axes
   637 | D        | Killed from afar by an orc high priest

Illustrated notes

Levels and vault maps discovered:
D:        pitsprint [storerooms_1, entrance_room_1, metal_vault_5, armoury_3,
          mini_pit_1, grid_room_1, main_hall_1, silver_pit, the_coven_3,
          the_vestibule_1, steel_vault_4, golden_pit, hallway_of_sentries,
          crystal_vault_3, iron_vault_1, final_vault]

Skill      XL: |  1  2  3  4  5  6  7  8 |
---------------+-------------------------+-----
Armour         | 4 5 6 7 9 10 11 | 11.1
Fighting       | 4 5 6 7 9 10 | 10.8
Shields        | 4 5 6 7 9 10 11 | 11.1
Axes           | 3 4 5 7 10 12 13 | 13.1
Dodging        | 1 2 3 4 |  4.3

Action                   |  1- 3 |  4- 6 |  7- 9 || total
-------------------------+-------+-------+-------++-------
Melee: Hand axe          |    24 |    30 |    36 ||    90
       War axe           |     2 |       |       ||     2
       Headbutt          |     4 |     4 |     9 ||    17
Invok: Berserk           |       |     1 |     1 ||     2
  Use: Potion            |       |       |     4 ||     4
Armor: Scale mail        |     5 |       |       ||     5
       Chain mail        |     5 |    10 |    11 ||    26
Dodge: Dodged            |     5 |     6 |     6 ||    17
Block: Kite shield       |    17 |    16 |    21 ||    54

Table legend: (Time is in decaauts)
 A = Elapsed time spent in this place.
 B = Non-inter-level travel time spent in this place.
 C = Inter-level travel time spent in this place.
 D = Time resting spent in this place.
 E = Time spent auto-exploring this place.
 F = Levels seen in this place.
 G = Mean time per level.
                   A        B        C        D        E       F      G
               +--------+--------+--------+--------+--------+-----+--------+
         Total |    651 |    651 |      0 |    384 |     32 |   1 |  651.0 |
       Dungeon |    651 |    651 |      0 |    384 |     32 |   1 |  651.0 |
               +--------+--------+--------+--------+--------+-----+--------+

Top non-repeatable levels by time:
       D: 651 daAuts
